 Dungeon Crawl Stone Soup version 0.19.0-19-g8c6edcc (webtiles) character file.

4839 Jannitor the Slicer (level 10, -9/54 HPs)
             Began as a Kobold Skald on Nov 14, 2016.
             Was a Follower of Uskayaw.
             Mangled by a five-headed hydra (11 damage)
             ... on level 8 of the Dungeon.
             The game lasted 00:24:17 (9026 turns).

Jannitor the Slicer (Kobold Skald)                  Turns: 9026, Time: 00:24:18

Health: -9/54      AC:  5    Str: 15    XL:     10   Next: 78%
Magic:  12/12      EV: 21    Int: 17    God:    Uskayaw [*.....]
Gold:   511        SH:  0    Dex: 19    Spells: 2 memorised, 10 levels left

rFire  . . .     SeeInvis .     H - +5 dagger of Inaal {speed, +Rage Dex+3}
rCold  + . .     Gourm    .     B - +2 robe {MR+}
rNeg   + . .     Faith    +     (shield restricted)
rPois  +         Spirit   .     (helmet restricted)
rElec  .         Reflect  .     (no cloak)
rCorr  .         Harm     .     (no gloves)
MR     ++...                    (no boots)
Stlth  ++........               P - amulet of Discretion {Faith +Inv rN+ MR- Str+3}
                                t - ring of protection from magic
                                L - ring of protection from cold

@: about to teleport
A: claws 1, horns 1, carnivore 3, clever 1, frail 1, low mp 1, magic resistance
1, sense surroundings 1, poison resistance, shaggy fur 1, strong 1
a: Stomp, Renounce Religion, Evoke Berserk Rage, Evoke Invisibility


You were on level 8 of the Dungeon.
You worshipped Uskayaw.
Uskayaw was noncommittal.
You were not hungry.

You visited 2 branches of the dungeon, and saw 9 of its levels.
You also visited: Ossuary.

You collected 511 gold pieces.

Inventory:

Hand Weapons
 a - a +0 short sword
 l - a +3 dagger of electrocution
 m - a +2 dagger of holy wrath
 v - a +1 dagger of venom
 H - the +5 dagger of Inaal (weapon) {speed, +Rage Dex+3}
   (You found it on level 4 of the Dungeon)

   Attacks with this weapon are significantly faster.
   It affects your dexterity (+3).
   It lets you go berserk.
Missiles
 s - a throwing net (quivered)
Armour
 b - a +0 leather armour
 e - a +2 helmet of see invisible
 B - a +2 robe of magic resistance (worn)
Jewellery
 q - an uncursed ring of poison resistance
 t - a ring of protection from magic (right claw)
 y - an uncursed ring of ice
 K - an uncursed ring of protection from magic
 L - a ring of protection from cold (left claw)
 N - an uncursed amulet of rage
 P - the amulet of Discretion (around neck) {Faith +Inv rN+ MR- Str+3}
   (You found it on level 6 of the Dungeon)

   [amulet of faith]

   It allows you to gain divine favour quickly.
   It affects your strength (+3).
   It protects you from negative energy.
   It affects your resistance to hostile enchantments.
   It lets you turn invisible.
 Q - a +3 amulet of reflection {unknown}
 T - an uncursed ring of magical power {unknown}
 V - an uncursed amulet of harm {unknown}
Wands
 j - a wand of lightning (4/15)
 o - a wand of slowing (28/48)
 u - a wand of acid (7/15)
 z - a wand of disintegration (16/24)
 O - a wand of random effects (21/48)
Scrolls
 f - 2 scrolls of blinking {unknown}
 i - 8 scrolls of identify
 k - 2 scrolls of remove curse
 p - 6 scrolls of magic mapping
 r - 3 scrolls of recharging
 A - 4 scrolls of amnesia
 I - 2 scrolls of teleportation
 X - a scroll of fog {unknown}
Potions
 g - a potion of lignification
 n - a potion of agility
 w - a potion of magic
 F - a potion of mutation {unknown}
 G - 5 potions of flight
 M - a potion of brilliance
 R - a potion of berserk rage {unknown}
 U - 2 potions of curing
 W - a potion of ambrosia {unknown}
 Y - a potion of cure mutation {unknown}
Books
 c - a book of Battle

   Spells                             Type                      Level
   a - Infusion                       Charms                       1
   b - Shroud of Golubria             Charms/Translocation         2
   c - Song of Slaying                Charms                       2
   d - Spectral Weapon                Hexes/Charms                 3
   e - Regeneration                   Charms/Necromancy            3
 h - a book of Flames

   Spells                             Type                      Level
   a - Flame Tongue                   Conjuration/Fire             1
   b - Throw Flame                    Conjuration/Fire             2
   c - Conjure Flame                  Conjuration/Fire             3
   d - Inner Flame                    Hexes/Fire                   3
   e - Sticky Flame                   Conjuration/Fire             4
   f - Fireball                       Conjuration/Fire             5
 C - a book of Conjurations

   Spells                             Type                      Level
   a - Magic Dart                     Conjuration                  1
   b - Searing Ray                    Conjuration                  2
   c - Dazzling Spray                 Conjuration/Hexes            3
   d - Fulminant Prism                Conjuration/Hexes            4
   e - Iskenderun's Mystic Blast      Conjuration                  4
   f - Iskenderun's Battlesphere      Conjuration/Charms           5
 D - a book of Air

   Spells                             Type                      Level
   a - Shock                          Conjuration/Air              1
   b - Swiftness                      Charms/Air                   2
   c - Repel Missiles                 Charms/Air                   2
   d - Static Discharge               Conjuration/Air              3
   e - Lightning Bolt                 Conjuration/Air              5
Comestibles
 d - 4 meat rations
 J - a slice of pizza
 S - a royal jelly


   Skills:
 + Level 6.9 Fighting
 + Level 11.3 Short Blades
 - Level 0.7 Armour
 + Level 7.6 Dodging
 - Level 2.0 Stealth
 - Level 2.1 Spellcasting
 + Level 5.3 Charms
 + Level 5.2 Invocations
 + Level 5.0 Evocations


You had 10 spell levels left.
You knew the following spells:

 Your Spells              Type           Power        Failure   Level  Hunger
a - Infusion              Chrm           ###.         2%          1    #......
b - Song of Slaying       Chrm           ###.....     3%          2    ###....


Dungeon Overview and Level Annotations

Branches:
Dungeon (8/15)             Temple (1/1) D:4
   Lair: D:8-11

Altars:
Ashenzari
Cheibriados
Dithmenos
Elyvilon
Fedhas
Gozag
Hepliaklqana
Kikubaaqudgha
Makhleb
Nemelex Xobeh
Okawaru
Qazlal
Ru
Sif Muna
Trog
Uskayaw
Vehumet
Xom
Yredelemnul
Zin
The Shining One

Annotations:
D:7 Joseph


Innate Abilities, Weirdness & Mutations

You are small and have problems with some larger weapons.
You are carnivorous and can eat meat at any time.
You have sharp fingernails.
You have a pair of small horns on your head.
Your mind is acute. (Int +2)
You are frail. (-10% HP)
Your magical capacity is low. (-10% MP)
You are resistant to hostile enchantments. (MR+)
You passively map a small area around you.
Your system is resistant to poisons. (rPois)
You are covered in fur. (AC +1)
Your muscles are strong. (Str +2)


Message History

Found a hunting sling.
Your magical contamination has completely faded away.
You see here a hunting sling.
A quokka comes into view.
A five-headed hydra comes into view.
The five-headed hydra bites you! x3
The five-headed hydra completely misses you. x2
You completely miss the five-headed hydra.
Unknown command.
The quokka twitches its whiskers.
The quokka twitches its whiskers.
You see here a hunting sling.
As you read the scroll of teleportation, it crumbles to dust.
You feel strangely unstable. The five-headed hydra bites you!
* * * LOW HITPOINT WARNING * * *
The five-headed hydra bites you.
* * * LOW HITPOINT WARNING * * *
The five-headed hydra closely misses you. x2
The five-headed hydra bites you!
You die...

,**,,,,,* #.#)# ##.###.##.#
,**,***,* #.#.# #..##.##.##
,*,,,,,,* #.#.# ##.##.##.#.
,*,*,********#.#.# #..#.##.#.
,,,,,,,,,,,,,..#.# ##.#.##.#.
**,*,,,,,,,,,..#.# #...##.##
*,***********,#r# ##..##...
*,*,,,,,,,,,*,#D# #..#####
*,*,*******,*,#@##### #..#
*,*,,,,,,,,,,,#.....# #..#
*,*******,,,,,#.....# ###..#####
**,,,,,,,,,,,,,#.....###.........
,,,,,*****,,,,,#...........>#####
,,,,,,,,,,,,,,,##....###.####..,,
****,*****,,**,*#....###.# #.#**
,,,,,,,,,,,,**.........#.#**#.###
***,,,***,,,**########.#..,,....,


You could see a five-headed hydra and a quokka.

Vanquished Creatures
  Erica (D:8)
  Pikel (D:7)
  Sigmund (D:2)
  Eustachio (D:5)
  A hungry ghost (D:8)
  Menkaure (D:7)
  A water moccasin (D:6)
  An orc warrior (D:6)
  An ice beast (D:8)
  A phantom (D:6)
  2 sky beasts
  3 slaves (D:7)
  3 ogres
  A centaur (D:5)
  A bullfrog (D:7)
  14 scorpions
  A howler monkey (D:5)
  5 wights (D:6)
  A crimson imp (D:6)
  2 human zombies (Ossuary)
  A quasit (D:7)
  7 orc priests
  3 hounds
  2 jellies
  4 orc wizards
  3 bullfrog skeletons
  3 iguanas
  3 worker ants
  A big kobold zombie (Ossuary)
  A hound skeleton (D:5)
  3 mummies (Ossuary)
  A worker ant zombie (D:5)
  A gnoll (D:1)
  5 scorpion zombies (Ossuary)
  13 adders
  An ooze (D:3)
  An adder skeleton (D:4)
  A worm (D:4)
  3 dart slugs
  5 leopard geckos
  29 orcs
  A ball python (D:3)
  5 giant cockroaches
  2 gnoll zombies (Ossuary)
  10 hobgoblins
  11 jackals
  2 quokkas
  8 bats
  7 frilled lizards
  6 goblins
  4 goblin zombies (Ossuary)
  A hobgoblin zombie (Ossuary)
  A jackal skeleton (D:5)
  11 kobolds
  A leopard gecko skeleton (D:5)
  An orc zombie (Ossuary)
  A quokka zombie (D:7)
  12 rats
218 creatures vanquished.

Vanquished Creatures (others)
  A slave (D:7)
1 creature vanquished.

Grand Total: 219 creatures vanquished

Notes
Turn   | Place    | Note
-------+----------+-------------------------------------------
     0 | D:1      | Jannitor the Kobold Skald began the quest for the Orb.
     0 | D:1      | Reached XP level 1. HP: 12/12 MP: 3/3
   239 | D:1      | Reached XP level 2. HP: 17/17 MP: 5/5
   404 | D:1      | Reached skill level 3 in Short Blades
   521 | D:1      | Reached XP level 3. HP: 6/22 MP: 2/6
  1096 | D:1      | Reached XP level 4. HP: 22/27 MP: 3/7
  1266 | D:2      | Found a blossoming altar of Fedhas.
  1656 | D:2      | Reached skill level 1 in Stealth
  1675 | D:2      | Reached skill level 4 in Short Blades
  1776 | D:2      | Reached XP level 5. HP: 32/32 MP: 8/8
  1863 | D:2      | Noticed Sigmund
  1875 | D:2      | Killed Sigmund
  1875 | D:2      | Reached skill level 5 in Short Blades
  1875 | D:2      | Reached XP level 6. HP: 35/37 MP: 9/9
  1940 | D:3      | Learned a level 2 spell: Song of Slaying
  2384 | D:3      | HP: 1/37 [orc priest/divine providence (12)]
  2394 | D:3      | Reached skill level 6 in Short Blades
  2394 | D:3      | Reached XP level 7. HP: 3/42 MP: 8/10
  2445 | D:3      | HP: 1/42 [adder (5)]
  3309 | D:4      | Found a staircase to the Ecumenical Temple.
  3319 | D:4      | Got a fine dagger
  3327 | D:4      | Identified the +5 dagger of Inaal {speed, +Rage Dex+3} (You found it on level 4 of the Dungeon)
  3329 | Temple   | Entered the Ecumenical Temple
  3427 | Temple   | Became a worshipper of Uskayaw the Reveler
  3631 | D:4      | Reached * piety under Uskayaw
  3634 | D:4      | Reached ** piety under Uskayaw
  3804 | D:4      | Found a deep blue altar of Sif Muna.
  3839 | D:4      | Reached skill level 7 in Short Blades
  3844 | D:4      | Reached *** piety under Uskayaw
  3847 | D:4      | Reached **** piety under Uskayaw
  3866 | D:4      | Gained mutation: Your mind is acute. (Int +2) [mutagenic meat]
  3867 | D:4      | Gained mutation: You are covered in fur. (AC +1) [mutagenic meat]
  3868 | D:4      | Gained mutation: Your magical capacity is low. (-10% MP) [mutagenic meat]
  3870 | D:4      | Gained mutation: Your system is resistant to poisons. (rPois) [mutagenic meat]
  3871 | D:4      | Gained mutation: You passively map a small area around you. [mutagenic meat]
  3928 | D:4      | Reached XP level 8. HP: 48/48 MP: 8/10
  4047 | D:5      | Entered Level 5 of the Dungeon
  4064 | D:5      | Noticed Eustachio
  4072 | D:5      | Killed Eustachio
  4072 | D:5      | Reached skill level 8 in Short Blades
  4167 | D:5      | Reached ***** piety under Uskayaw
  4170 | D:5      | Reached skill level 5 in Dodging
  4502 | D:5      | Reached skill level 9 in Short Blades
  4743 | D:5      | Reached skill level 5 in Fighting
  4835 | D:5      | Found a glowing golden altar of the Shining One.
  5091 | D:5      | Found an iron altar of Okawaru.
  5091 | D:5      | Found a glowing silver altar of Zin.
  5471 | D:6      | Reached skill level 1 in Invocations
  5471 | D:6      | Reached XP level 9. HP: 54/54 MP: 11/11
  5870 | D:6      | Reached skill level 10 in Short Blades
  5907 | D:6      | Got a warped diamond amulet
  5908 | D:6      | Identified the amulet of Discretion {Faith +Inv rN+ MR- Str+3} (You found it on level 6 of the Dungeon)
  6179 | D:6      | Reached skill level 1 in Evocations
  6717 | D:7      | Noticed Joseph
  6731 | D:7      | HP: 4/82 [Joseph/sling bullet (3)]
  7066 | D:7      | Found a glowing silver altar of Zin.
  7082 | D:7      | Noticed Pikel
  7344 | D:7      | Killed Pikel
  7467 | D:7      | Reached XP level 10. HP: 60/60 MP: 11/11
  7554 | D:7      | Found a shattered altar of Ashenzari.
  7587 | D:7      | Noticed Menkaure
  7600 | D:7      | Killed Menkaure
  7637 | D:7      | Gained mutation: You have a pair of small horns on your head. [mutagenic meat]
  7639 | D:7      | Gained mutation: You have sharp fingernails. [mutagenic meat]
  7640 | D:7      | Gained mutation: Your muscles are strong. (Str +2) [mutagenic meat]
  7641 | D:7      | Gained mutation: You are frail. (-10% HP) [mutagenic meat]
  8063 | D:8      | Found a sand-covered staircase.
  8070 | Ossuary  | Entered an ossuary
  8287 | Ossuary  | Reached skill level 11 in Short Blades
  8289 | Ossuary  | Reached skill level 5 in Charms
  8463 | Ossuary  | Gained mutation: You are resistant to hostile enchantments. (MR+) [potion of beneficial mutation]
  8827 | D:8      | Noticed Erica
  8841 | D:8      | Killed Erica
  8841 | D:8      | Reached skill level 5 in Invocations
  8867 | D:8      | Reached skill level 5 in Evocations
  9005 | D:8      | Noticed a five-headed hydra
  9026 | D:8      | HP: 2/54 [five-headed hydra (5)]
  9026 | D:8      | Mangled by a five-headed hydra

Skill      XL: |  1  2  3  4  5  6  7  8  9 10 |
---------------+-------------------------------+-----
Short Blades   | 3 4 5 6 7 9 10 11 | 11.3
Charms         | 3 4 5 |  5.3
Fighting       | 3 4 5 6 |  6.9
Dodging        | 2 3 4 5 6 7 |  7.6
Stealth        | 1 2 |  2.0
Invocations    | 1 3 5 |  5.2
Evocations     | 2 5 |  5.0
Armour         | |  0.7
Spellcasting   | |  2.1

Action                   |  1- 3 |  4- 6 |  7- 9 | 10-12 || total
-------------------------+-------+-------+-------+-------++-------
Melee: Short sword       |    73 |       |       |       ||    73
       Dagger            |    42 |   185 |   426 |   195 ||   848
       Headbutt          |       |       |       |    34 ||    34
 Cast: Infusion          |     3 |     3 |    15 |     3 ||    24
       Song of Slaying   |       |     1 |     7 |     2 ||    10
 Abil: Evoke Invisibilit |       |       |       |     1 ||     1
Evoke: Wand              |       |       |     4 |       ||     4
  Use: Potion            |       |     3 |     9 |     1 ||    13
       Scroll            |       |       |    13 |     2 ||    15
 Stab: Sleeping          |     1 |     1 |     8 |     6 ||    16
       Paralysed         |       |       |     9 |    15 ||    24
       Distracted        |       |       |     1 |       ||     1
  Eat: Chunk             |     9 |     1 |    26 |     8 ||    44
Armor: Leather armour    |    35 |    35 |    17 |       ||    87
       Skin              |       |     4 |     8 |       ||    12
       Robe              |       |       |     7 |    10 ||    17
Dodge: Dodged            |    79 |   110 |   173 |    72 ||   434
